 Dungeon Sprint DCSS version 0.29.1-12-g30fa7ad0bf (webtiles) character file.

Game seed: 1836542589574279995

51 boopmooplesden the Trooper (level 3, -2/38 HPs)
             Began as a Minotaur Berserker on Dec 14, 2022.
             Was a Priest of Trog.
             Slain by an iguana (12 damage)
             ... in the Dungeon (Sprint IX: "|||||||||||||||||||||||||||||").
             The game lasted 00:00:11 (43 turns).

boopmooplesden the Trooper (Minotaur Berserker)       Turns: 43, Time: 00:00:12

Health: -2/38      AC:  2    Str: 23    XL:     3   Next: 57%
Magic:  2/2        EV: 12    Int:  4    God:    Trog [***...]
Gold:   0          SH:  0    Dex:  9    Spells: 2/2 levels left

rFire   . . .      SeeInvis .   a - +0 spear
rCold   . . .      Faith    .   (no shield)
rNeg    . . .      Spirit   .   b - +0 animal skin
rPois   .          Reflect  .   (helmet restricted)
rElec   .          Harm     .   (no cloak)
rCorr   .          Rampage  .   (no gloves)
Will    .....      NoTele   +   (no boots)
Stlth   +.........              (no amulet)
HPRegen 0.12/turn               (no ring)
MPRegen 0.08/turn               (no ring)

@: on berserk cooldown, slowed, very slow
A: horns 2, retaliatory headbutt
a: Renounce Religion, Berserk, Trog's Hand


You were in the Dungeon.
You worshipped Trog.
Trog was most pleased with you.
You visited 1 branch

Inventory:

Hand Weapons
 a - a +0 spear (weapon)
Armour
 b - a +0 animal skin (worn)
Scrolls
 h - a scroll of blinking
Potions
 c - a potion of curing
 d - a potion of heal wounds
 e - a potion of haste
 f - 2 potions of magic
 g - a potion of berserk rage


   Skills:
 + Level 6.5 Fighting
 + Level 6.3 Polearms
 + Level 3.6 Armour
 + Level 3.4 Dodging


You had 2 spell levels left.
You didn't know any spells.
Your spell library was empty.

Dungeon Overview and Level Annotations

Branches:
Dungeon (1/1)

Altars:


Innate Abilities, Weirdness & Mutations

You have a pair of horns on your head.
You reflexively headbutt those who attack you in melee.


Message History

The hound is moderately wounded.
The hound misses you.
You puncture the hound!
You kill the hound!
Trog accepts your kill.
Your Fighting skill increases to level 6!
Your Polearms skill increases to level 6!
Your Dodging skill increases to level 3!
You have reached level 3!
Your experience leads to an increase in your attributes!
Increase (S)trength, (I)ntelligence, or (D)exterity?
You feel stronger. x2
You barely miss the ufetubus. Your headbutt misses the ufetubus.
The ufetubus closely misses you. The ufetubus barely misses you.
You completely miss the ufetubus. The ufetubus hits you.
The ufetubus hits you but does no damage.
You puncture the ufetubus!
You kill the ufetubus!
Trog accepts your kill.
You are no longer berserk.
You are exhausted.
You feel yourself slow down.
You closely miss the iguana. You headbutt the iguana.
The iguana is lightly wounded.
The iguana bites you.
You hit the iguana but do no damage.
The iguana is lightly wounded.
The iguana bites you!
* * * LOW HITPOINT WARNING * * *
You hit the iguana. Your headbutt misses the iguana.
The iguana is lightly wounded.
The iguana barely misses you. You furiously retaliate!
You headbutt the iguana, but do no damage.
You hit the iguana but do no damage.
You headbutt the iguana, but do no damage.
The iguana is lightly wounded.
The iguana hisses menacingly.
The iguana closely misses you. You furiously retaliate!
You headbutt the iguana! The iguana bites you!
You die...

▓+▓
▓.▓
▓.▓
▓.▓
▓l▓
▓@▓
▓'▓
▓.▓
▓.▓
▓.▓
▓)▓
▓)▓
▓)▓
▓.▓


You could see an iguana.

Vanquished Creatures
  A hound (D)
  2 ufetubi (D)
  An orc (D)
  A giant cockroach (D)
  A goblin (D)
  3 kobolds (D)
9 creatures vanquished.

Notes
Turn   | Place    | Note
-------+----------+-------------------------------------------
     0 | D        | boopmooplesden the Minotaur Berserker began the quest for
                  | the Orb.
     0 | D        | Reached XP level 1. HP: 19/19 MP: 0/0
     8 | D        | Reached ** piety under Trog
    22 | D        | Noticed an iguana
    22 | D        | Noticed a hound
    29 | D        | Reached skill level 5 in Fighting
    29 | D        | Reached XP level 2. HP: 29/29 MP: 1/1
    31 | D        | Reached *** piety under Trog
    32 | D        | Reached skill level 5 in Polearms
    37 | D        | Reached XP level 3. HP: 31/38 MP: 2/2
    43 | D        | Slain by an iguana

Illustrated notes

Levels and vault maps discovered:
D:        linesprint [early_d, line_temple, items_1, d_10, items_2, lair_1,
          lair_end, items_3, orc_1, orc_end, items_4, d_15, swamp_1, shoals_1,
          snake_1, spider_1, d_20, vaults_1, items_5, swamp_end, shoals_end,
          snake_end, spider_end, vaults_end, d_27, items_6, zot_1, zot_end,
          crypt_end, forest_end, elf_end, slime_end, tomb_end, abyss_end,
          pan_hell_end]

Skill      XL: |  1  2 |
---------------+-------+-----
Fighting       | 5 6 |  6.5
Polearms       | 4 6 |  6.3
Armour         | 3 |  3.6
Dodging        | 3 |  3.4

Action                   || total
-------------------------++-------
Melee: Spear             ||    30
       Headbutt          ||     4
Invok: Berserk           ||     1
Armor: Animal skin       ||     4
Dodge: Dodged            ||    21
